[Event "GER-ch Youth U10 2019"]
[Site "Willingen"]
[Date "2019.06.09"]
[Round "1.2"]
[White "Chugunov, Ivan"]
[Black "Ermitsch, Magnus"]
[Result "1/2-1/2"]
[ECO "B40"]
[WhiteElo "1310"]
[BlackElo "1843"]
[Annotator "NA"]
[PlyCount "50"]
[EventDate "2019.06.07"]
[EventType "swiss"]
[EventRounds "11"]
[EventCountry "GER"]
[SourceTitle "playchess.com"]
[Source "ChessBase"]
[SourceQuality "1"]
[TimeControl "40/4500+30:900+30"]

1. e4 c5 2. Nf3 e6 3. c3 Nf6 4. e5 Nd5 5. g3 Be7 6. Bg2 d6 7. O-O dxe5 8. Nxe5 Qc7 9. f4 Nc6 10. Nc4 Rb8 11. Nba3 a6 12. d3 b5 13. Ne3 Nxe3 14. Bxe3 Bb7 15. f5 Nd8 16. Qg4 Bf6 17. Rae1 Bxg2 18. Kxg2 h5 19. Qe4 Qc6 20. Qxc6+ Nxc6 21. Bxc5 Kd7 22. fxe6+ fxe6 23. Re2 b4 24. Nb1 Rb5 25. d4 Rbb8 {normal} 1/2-1/2

[Event "GER-ch Youth U10 2019"]
[Site "Willingen"]
[Date "2019.06.09"]
[Round "1.3"]
[White "Helms, Finn"]
[Black "Li, Ruokai David"]
[Result "1-0"]
[ECO "D00"]
[WhiteElo "1773"]
[BlackElo "1934"]
[Annotator "NA"]
[PlyCount "103"]
[EventDate "2019.06.07"]
[EventType "swiss"]
[EventRounds "11"]
[EventCountry "GER"]
[SourceTitle "playchess.com"]
[Source "ChessBase"]
[SourceQuality "1"]
[TimeControl "40/4500+30:900+30"]

1. d4 d5 2. Bf4 Bf5 3. e3 Nf6 4. c4 e6 5. Nc3 Bb4 6. Qb3 Nc6 7. a3 Bxc3+ 8. bxc3 Rb8 9. Nf3 O-O 10. Be2 Be4 11. O-O Bxf3 12. gxf3 Nh5 13. Bg3 Nxg3 14. hxg3 Na5 15. Qa4 Nxc4 16. Bxc4 dxc4 17. Qxc4 c6 18. e4 Qf6 19. f4 Qg6 20. Rfe1 Qh5 21. Kg2 Qb5 22. Qxb5 cxb5 23. a4 bxa4 24. Rxa4 Rfc8 25. Re3 a6 26. Rd3 Rd8 27. Kf3 Kf8 28. d5 Ke7 29. Rad4 Rd6 30. c4 Rc8 31. e5 Rdd8 32. d6+ Kd7 33. Rb3 Kc6 34. Ke4 b6 35. g4 g6 36. f5 a5 37. fxe6 fxe6 38. f4 Rf8 39. Rbd3 Kd7 40. Rf3 a4 41. Ra3 Ra8 42. Rd2 Rfc8 43. Rd4 Rf8 44. Rdd3 Kc6 45. Rf3 Ra5 46. f5 gxf5+ 47. gxf5 Rxf5 48. Rxf5 exf5+ 49. Kxf5 Kd7 50. Rh3 a3 51. Rxh7+ Kc6 52. Rc7# {normal} 1-0

[Event "GER-ch Youth U10 2019"]
[Site "Willingen"]
[Date "2019.06.09"]
[Round "1.4"]
[White "Brügmann, Nick"]
[Black "Sommer, Justus"]
[Result "1/2-1/2"]
[ECO "C54"]
[WhiteElo "1415"]
[BlackElo "1684"]
[Annotator "NA"]
[PlyCount "103"]
[EventDate "2019.06.07"]
[EventType "swiss"]
[EventRounds "11"]
[EventCountry "GER"]
[SourceTitle "playchess.com"]
[Source "ChessBase"]
[SourceQuality "1"]
[TimeControl "40/4500+30:900+30"]

1. e4 e5 2. Nf3 Nc6 3. Bc4 Bc5 4. c3 Nf6 5. d3 d6 6. a4 a5 7. h3 Be6 8. Bb3 Qd7 9. Nbd2 h6 10. Bxe6 Qxe6 11. O-O O-O 12. Re1 Bb6 13. Nc4 Ba7 14. Be3 Rfe8 15. Bxa7 Rxa7 16. Na3 Raa8 17. Nb5 Qd7 18. Qc2 d5 19. exd5 Nxd5 20. d4 exd4 21. Nbxd4 Rad8 22. Rxe8+ Rxe8 23. Rd1 Nxd4 24. Nxd4 c6 25. Nb3 Qc7 26. Nd4 Nf6 27. b4 Nd5 28. b5 cxb5 29. Nxb5 Qc5 30. Qf5 Rd8 31. Qe4 f5 32. Qe6+ Kh8 33. Qxf5 Qc6 34. Qf3 Rd7 35. Qf8+ Kh7 36. Qf5+ g6 37. Qe5 Nb6 38. Rxd7+ Qxd7 39. Qd6 Qc6 40. Qd4 Nd5 41. c4 Nb6 42. c5 Nd7 43. Qd2 Nxc5 44. Qxa5 h5 45. Qb4 Qd5 46. Nc3 Qe5 47. Nb5 Qa1+ 48. Kh2 Qe5+ 49. g3 Qf5 50. Qd4 b6 51. Nc3 Nd7 52. Nd5 {[%emt 0:03:38] normal} 1/2-1/2

[Event "GER-ch Youth U10 2019"]
[Site "Willingen"]
[Date "2019.06.09"]
[Round "1.5"]
[White "Sauer, Tim"]
[Black "Aniol, Nico"]
[Result "1-0"]
[ECO "A22"]
[WhiteElo "1553"]
[BlackElo "1406"]
[Annotator "NA"]
[PlyCount "82"]
[EventDate "2019.06.07"]
[EventType "swiss"]
[EventRounds "11"]
[EventCountry "GER"]
[SourceTitle "playchess.com"]
[Source "ChessBase"]
[SourceQuality "1"]
[TimeControl "40/4500+30:900+30"]

1. c4 e5 2. Nc3 Nf6 3. g3 Nc6 4. Bg2 Bc5 5. e3 O-O 6. Nge2 d6 7. O-O Be6 8. d4 exd4 9. exd4 Bxc4 10. dxc5 dxc5 11. Bxc6 bxc6 12. Qxd8 Raxd8 13. Be3 Rfe8 14. Rfe1 Re5 15. Nf4 Rde8 16. Ng2 h6 17. Bf4 R5e7 18. Rxe7 Rxe7 19. Re1 Rd7 20. b3 Be6 21. Na4 c4 22. Nc5 Re7 23. Nxe6 fxe6 24. bxc4 g5 25. Be5 Ne8 26. Ne3 Kf7 27. c5 Kg6 28. g4 Rd7 29. Rd1 Rf7 30. Kg2 h5 31. h3 h4 32. Nc4 Nf6 33. Bxf6 Kxf6 34. Na5 e5 35. Nxc6 a6 36. Nb8 a5 37. Nd7+ Ke6 38. c6 Rf4 39. Nc5+ Kf6 40. Nb7 Rc4 41. Nxa5 Rc5 {[%emt 0:15:12] normal} 1-0

[Event "GER-ch Youth U10 2019"]
[Site "Willingen"]
[Date "2019.06.09"]
[Round "1.6"]
[White "Meng, Yuxuan"]
[Black "Malinowsky, Levi"]
[Result "1-0"]
[ECO "B76"]
[WhiteElo "1288"]
[BlackElo "1400"]
[Annotator "NA"]
[PlyCount "69"]
[EventDate "2019.06.07"]
[EventType "swiss"]
[EventRounds "11"]
[EventCountry "GER"]
[SourceTitle "playchess.com"]
[Source "ChessBase"]
[SourceQuality "1"]
[TimeControl "40/4500+30:900+30"]

1. e4 c5 2. Nf3 d6 3. d4 cxd4 4. Nxd4 Nf6 5. Nc3 g6 6. Be3 Bg7 7. f3 O-O 8. Qd2 Nc6 9. O-O-O Bd7 10. Bh6 Qa5 11. Nb3 Qc7 12. Bxg7 Kxg7 13. g4 Ne5 14. Be2 b5 15. h4 h5 16. gxh5 Nxh5 17. f4 Nc4 18. Qd4+ f6 19. Qf2 e5 20. f5 Nf4 21. Rdg1 Kf7 22. Nd5 Nxd5 23. fxg6+ Ke7 24. exd5 f5 25. g7 Rg8 26. h5 f4 27. Bd3 Ne3 28. h6 Rac8 29. h7 Nxd5 30. h8=Q Nb4 31. Qhh4+ Kf7 32. Bg6+ Ke6 33. Qg4+ Kd5 {[%emt 0:00:50] normal} 34. Qff3+ Kc4 35. Qe4# {[%emt 0:00:09] normal} 1-0

[Event "GER-ch Youth U10 2019"]
[Site "Willingen"]
[Date "2019.06.09"]
[Round "1.7"]
[White "Klaska, Philipp Leon"]
[Black "Guo, Jacob Tingshen"]
[Result "1/2-1/2"]
[ECO "C02"]
[WhiteElo "1444"]
[BlackElo "1420"]
[Annotator "NA"]
[PlyCount "40"]
[EventDate "2019.06.07"]
[EventType "swiss"]
[EventRounds "11"]
[EventCountry "GER"]
[SourceTitle "playchess.com"]
[Source "ChessBase"]
[SourceQuality "1"]
[TimeControl "40/4500+30:900+30"]

1. e4 e6 2. d4 d5 3. e5 c5 4. c3 Nc6 5. Nf3 Bd7 6. Be2 Nge7 7. O-O cxd4 8. cxd4 Nf5 9. Be3 Be7 10. Qd2 O-O 11. Nc3 Rc8 12. Bd3 Nxe3 13. Qxe3 Nb4 14. Bb1 Qb6 15. a3 Nc6 16. b4 a6 17. g3 Na7 18. Kg2 Rfd8 19. h4 g6 20. h5 Kg7 {[%emt 0:01:42] normal} 1/2-1/2

[Event "GER-ch Youth U10 2019"]
[Site "Willingen"]
[Date "2019.06.09"]
[Round "1.8"]
[White "Bock, Leonas"]
[Black "Haubold, Sebastian Marcel"]
[Result "0-1"]
[ECO "B08"]
[WhiteElo "1363"]
[BlackElo "1506"]
[Annotator "NA"]
[PlyCount "50"]
[EventDate "2019.06.07"]
[EventType "swiss"]
[EventRounds "11"]
[EventCountry "GER"]
[SourceTitle "playchess.com"]
[Source "ChessBase"]
[SourceQuality "1"]
[TimeControl "40/4500+30:900+30"]

1. d4 Nf6 2. Nf3 g6 3. Nc3 Bg7 4. e4 d6 5. Be3 O-O 6. Qd2 Nbd7 7. Bh6 e5 8. Bxg7 Kxg7 9. h4 Re8 10. Be2 exd4 11. Qxd4 Qe7 12. Nd2 c5 13. Qe3 d5 14. Nxd5 Nxd5 15. exd5 Qxe3 16. fxe3 Rxe3 17. h5 Nf6 18. h6+ Kf8 19. c4 Bg4 20. Nf3 Rae8 21. O-O Rxe2 22. Ng5 Bf5 23. g4 Nxg4 24. Nxh7+ Kg8 {[%emt 0:02:06] normal} 25. Ng5 Nxh6 {[%emt 0:00:42] normal} 0-1

[Event "GER-ch Youth U10 2019"]
[Site "Willingen"]
[Date "2019.06.09"]
[Round "1.9"]
[White "Navarro Jahnke, Leo"]
[Black "Yue, Qihang"]
[Result "1-0"]
[ECO "E21"]
[WhiteElo "1334"]
[BlackElo "1354"]
[Annotator "NA"]
[PlyCount "94"]
[EventDate "2019.06.07"]
[EventType "swiss"]
[EventRounds "11"]
[EventCountry "GER"]
[SourceTitle "playchess.com"]
[Source "ChessBase"]
[SourceQuality "1"]
[TimeControl "40/4500+30:900+30"]

1. d4 Nf6 2. c4 e6 3. Nc3 Bb4 4. Nf3 d5 5. Bf4 Nc6 6. e3 Bd7 7. Bd3 O-O 8. O-O dxc4 9. Bxc4 Na5 10. Bd3 c5 11. Bd6 Re8 12. Bxc5 Bxc5 13. dxc5 Qc7 14. b4 Nc6 15. a3 a6 16. Re1 e5 17. e4 Be6 18. Ng5 Nd4 19. Ne2 Rad8 20. Nxd4 Rxd4 21. Nf3 Rdd8 22. Qe2 Bg4 23. Rad1 Qe7 24. Bc2 Rxd1 25. Rxd1 Rd8 26. Rxd8+ Qxd8 27. Qd3 Qxd3 28. Bxd3 Bxf3 29. gxf3 Kf8 30. c6 bxc6 31. Bxa6 Ke7 32. Bc4 Nd7 33. a4 Nb6 34. Bb3 f6 35. a5 Na8 36. Kf1 Kd7 37. Ke2 Nc7 38. Kd3 Na6 39. Kc4 Kc7 40. Ba4 Nb8 41. b5 cxb5+ 42. Bxb5 Nc6 43. Bxc6 Kxc6 44. a6 Kb6 45. Kd5 Kxa6 46. Ke6 Kb5 47. Kf7 Kc4 {[%emt 0:00:20] normal} 1-0

[Event "GER-ch Youth U10 2019"]
[Site "Willingen"]
[Date "2019.06.09"]
[Round "1.12"]
[White "Yang, Marco"]
[Black "Haubold, Christian Lucas"]
[Result "0-1"]
[ECO "B21"]
[WhiteElo "1278"]
[BlackElo "1387"]
[Annotator "NA"]
[PlyCount "54"]
[EventDate "2019.06.07"]
[EventType "swiss"]
[EventRounds "11"]
[EventCountry "GER"]
[SourceTitle "playchess.com"]
[Source "ChessBase"]
[SourceQuality "1"]
[TimeControl "40/4500+30:900+30"]

1. e4 c5 2. d4 cxd4 3. c3 dxc3 4. Nxc3 Nc6 5. Nf3 g6 6. Bc4 Bg7 7. O-O d6 8. Qe2 Bg4 9. Rd1 Bxf3 10. Qxf3 Nf6 11. Bf4 Qb6 12. e5 dxe5 13. Bxe5 Nxe5 14. Bb5+ Qxb5 15. Qxf6 Bxf6 16. Nxb5 O-O 17. f4 Nc4 18. Rd7 a6 19. Nc7 Rad8 20. Rxd8 Rxd8 21. Rc1 Nxb2 22. Rb1 Bd4+ 23. Kf1 e6 24. Ke2 Rc8 25. Rc1 Bb6 26. Rc2 Na4 27. Rc4 Nc5 {normal} 0-1

[Event "GER-ch Youth U10 2019"]
[Site "Willingen"]
[Date "2019.06.09"]
[Round "2.1"]
[White "Dordevic, Tom"]
[Black "Besou, Hussain"]
[Result "0-1"]
[ECO "C55"]
[WhiteElo "1158"]
[BlackElo "1785"]
[Annotator "NA"]
[PlyCount "98"]
[EventDate "2019.06.07"]
[EventType "swiss"]
[EventRounds "11"]
[EventCountry "GER"]
[SourceTitle "playchess.com"]
[Source "ChessBase"]
[SourceQuality "1"]
[TimeControl "40/4500+30:900+30"]

1. e4 e5 2. Nf3 Nc6 3. Bc4 Nf6 4. d3 Be7 5. O-O O-O 6. Re1 d6 7. c3 Bg4 8. Nbd2 d5 9. exd5 Nxd5 10. Nf1 Kh8 11. h3 Bh5 12. Ng3 Bg6 13. Nxe5 Nxe5 14. Rxe5 Nb6 15. Re1 Qd7 16. Qf3 c6 17. Bf4 Rad8 18. Rad1 Na4 19. Bc1 b5 20. Bb3 Nc5 21. d4 Nxb3 22. axb3 Bc2 23. Rd2 Bxb3 24. Rde2 Be6 25. Bf4 Rfe8 26. Ne4 Bd5 27. Qg3 Bf8 28. Bg5 Be7 29. Nc5 Bxc5 30. Bxd8 Rxe2 31. Rxe2 Bf8 32. Qc7 Qxc7 33. Bxc7 Be6 34. f4 g6 35. Be5+ Kg8 36. Bc7 h5 37. Re1 a6 38. Ra1 Bc8 39. Kf2 f6 40. Ke2 Kf7 41. Kd2 Bb7 42. Bb6 Bd6 43. Ke3 Ke6 44. Bc5 Bc7 45. Kf3 Bd8 46. Re1+ Kf7 47. g4 Bc8 48. Rh1 Be6 49. Kg3 Bd5 {[%emt 0:00:30] normal} 0-1

[Event "GER-ch Youth U10 2019"]
[Site "Willingen"]
[Date "2019.06.09"]
[Round "2.2"]
[White "Scheerer, Julian"]
[Black "Helms, Finn"]
[Result "0-1"]
[ECO "C01"]
[WhiteElo "1395"]
[BlackElo "1773"]
[Annotator "NA"]
[PlyCount "66"]
[EventDate "2019.06.07"]
[EventType "swiss"]
[EventRounds "11"]
[EventCountry "GER"]
[SourceTitle "playchess.com"]
[Source "ChessBase"]
[SourceQuality "1"]
[TimeControl "40/4500+30:900+30"]

1. e4 e6 2. d4 d5 3. exd5 exd5 4. Bd3 Bd6 5. Ne2 Ne7 6. O-O O-O 7. c3 Bf5 8. Re1 c6 9. Bf4 Re8 10. Nd2 Bxd3 11. Bxd6 Qxd6 12. Ng3 Nd7 13. Re3 Bg6 14. Qe2 f6 15. Re6 Nf5 16. Rxe8+ Rxe8 17. Nxf5 Rxe2 18. Nxd6 Rxd2 19. b3 b6 20. Re1 Rb2 21. f4 Rb1 22. Kf2 Rxe1 23. Kxe1 Be4 24. Kf2 Bb1 25. a3 a5 26. Ke3 Kf8 27. Nc8 b5 28. Kd2 Kf7 29. g4 g6 30. Kc1 Be4 31. c4 bxc4 32. bxc4 Ke6 33. c5 Bf3 {[%emt 0:01:28] normal} 0-1

[Event "GER-ch Youth U10 2019"]
[Site "Willingen"]
[Date "2019.06.09"]
[Round "2.3"]
[White "Xue, Luka"]
[Black "Sauer, Tim"]
[Result "0-1"]
[ECO "B13"]
[WhiteElo "1429"]
[BlackElo "1553"]
[Annotator "NA"]
[PlyCount "109"]
[EventDate "2019.06.07"]
[EventType "swiss"]
[EventRounds "11"]
[EventCountry "GER"]
[SourceTitle "playchess.com"]
[Source "ChessBase"]
[SourceQuality "1"]
[TimeControl "40/4500+30:900+30"]

1. e4 c6 2. d4 d5 3. exd5 cxd5 4. Bd3 Nc6 5. c3 Nf6 6. Bf4 Bg4 7. Qb3 Qd7 8. Nd2 e6 9. Ngf3 Bxf3 10. Nxf3 Nh5 11. Ne5 Nxe5 12. Bxe5 a6 13. O-O Be7 14. a4 O-O 15. Rae1 Bd6 16. Bb1 f6 17. Bxd6 Qxd6 18. Qc2 g6 19. Re3 Rae8 20. Rh3 Nf4 21. Rh4 f5 22. g3 g5 23. Rg4 Nh3+ 24. Kg2 h5 25. Rh4 Nf4+ 26. gxf4 gxh4 27. Qd2 Kh7 28. h3 Rg8+ 29. Kf3 Qe7 30. Qe2 Qg7 31. Ke3 Kh6 32. Bc2 Qg2 33. Bd1 Qe4+ 34. Kd2 Qxf4+ 35. Qe3 Qxe3+ 36. Kxe3 Kg6 37. Kf4 Kf6 38. Bxh5 Re7 39. Bf3 Reg7 40. b3 Rg1 41. Rxg1 Rxg1 42. c4 dxc4 43. bxc4 Rc1 44. c5 Rc4 45. Ke3 e5 46. dxe5+ Kxe5 47. Bxb7 Rxa4 48. c6 Ra3+ 49. Kd2 Kd6 50. Bc8 Rxh3 51. Bxa6 Kxc6 52. Bc8 Rh2 53. Ke2 Kd5 54. Bxf5 Ke5 55. Bd7 {[%emt 0:00:00] normal} 0-1

[Event "GER-ch Youth U10 2019"]
[Site "Willingen"]
[Date "2019.06.09"]
[Round "2.4"]
[White "Haubold, Sebastian Marcel"]
[Black "Jouani, Zakharia"]
[Result "1-0"]
[ECO "B43"]
[WhiteElo "1506"]
[BlackElo "1507"]
[Annotator "NA"]
[PlyCount "96"]
[EventDate "2019.06.07"]
[EventType "swiss"]
[EventRounds "11"]
[EventCountry "GER"]
[SourceTitle "playchess.com"]
[Source "ChessBase"]
[SourceQuality "1"]
[TimeControl "40/4500+30:900+30"]

1. e4 c5 2. Nf3 e6 3. d4 cxd4 4. Nxd4 a6 5. Nc3 Qc7 6. Bd3 d6 7. O-O Nf6 8. Qf3 Nbd7 9. Re1 Be7 10. Be3 O-O 11. Qg3 Kh8 12. f4 b5 13. a3 Bb7 14. Qh3 Nc5 15. Bf2 e5 16. fxe5 dxe5 17. Nf5 Bc8 18. Qf3 Nxd3 19. cxd3 Bc5 20. d4 exd4 21. Nxd4 Ng4 22. Rad1 Qxh2+ 23. Kf1 Ne5 24. Qg3 Qh1+ 25. Ke2 Bg4+ 26. Nf3 Bxf2 27. Kxf2 Qh5 28. Rh1 Qg6 29. Qxe5 Qb6+ 30. Qd4 Qb8 31. e5 Be6 32. Ng5 Bf5 33. Nge4 Rd8 34. Qxd8+ Qxd8 35. Rxd8+ Rxd8 36. Nd6 Bg6 37. Rd1 Kg8 38. Nd5 h6 39. Ne7+ Kf8 40. Nxg6+ fxg6 41. Ke3 Ke7 42. Ke4 Ke6 43. Rf1 h5 44. Rf4 Rd7 45. Rf8 Rc7 46. Rc8 Rxc8 47. Nxc8 g5 48. Nd6 g4 {[%emt 0:00:10] normal} 1-0

[Event "GER-ch Youth U10 2019"]
[Site "Willingen"]
[Date "2019.06.09"]
[Round "2.5"]
[White "Fietz, Nils"]
[Black "Navarro Jahnke, Leo"]
[Result "1-0"]
[ECO "B22"]
[WhiteElo "1677"]
[BlackElo "1334"]
[Annotator "NA"]
[PlyCount "61"]
[EventDate "2019.06.07"]
[EventType "swiss"]
[EventRounds "11"]
[EventCountry "GER"]
[SourceTitle "playchess.com"]
[Source "ChessBase"]
[SourceQuality "1"]
[TimeControl "40/4500+30:900+30"]

1. e4 c5 2. c3 Nf6 3. e5 Nd5 4. d4 Nc6 5. Nf3 e6 6. Bc4 Nc7 7. O-O d5 8. exd6 Bxd6 9. dxc5 Bxc5 10. Qxd8+ Nxd8 11. Rd1 O-O 12. Bf4 Na6 13. Nbd2 Rb8 14. Bxa6 Ra8 15. Bc4 a6 16. Ne4 Be7 17. Nd6 b5 18. Bb3 Nc6 19. Nxc8 Raxc8 20. Bd6 Rfe8 21. Bxe7 Rxe7 22. Nd4 Na5 23. Bc2 Nc4 24. b3 Na3 25. Rac1 Kf8 26. Bd3 Rec7 27. c4 bxc4 28. bxc4 Rc5 29. Nb3 R5c6 30. c5 f5 31. Nd4 {[%emt 0:00:37] normal} 1-0

[Event "GER-ch Youth U10 2019"]
[Site "Willingen"]
[Date "2019.06.09"]
[Round "2.6"]
[White "Kullmann, Theo"]
[Black "Grabs, Peter"]
[Result "0-1"]
[ECO "C05"]
[WhiteElo "1465"]
[BlackElo "1575"]
[Annotator "NA"]
[PlyCount "83"]
[EventDate "2019.06.07"]
[EventType "swiss"]
[EventRounds "11"]
[EventCountry "GER"]
[SourceTitle "playchess.com"]
[Source "ChessBase"]
[SourceQuality "1"]
[TimeControl "40/4500+30:900+30"]

1. e4 e6 2. d4 d5 3. Nd2 Nf6 4. e5 Nfd7 5. f4 c5 6. c3 Nc6 7. Ndf3 cxd4 8. cxd4 a5 9. a3 a4 10. Bd3 Nb6 11. Ne2 Be7 12. Nc3 Bd7 13. O-O Na5 14. Re1 Nb3 15. Rb1 Rc8 16. Bc2 Nxc1 17. Rxc1 Bxa3 18. Nxa4 Rxc2 19. Qxc2 Bxa4 20. Qc3 Be7 21. b3 Bd7 22. Ra1 O-O 23. Ra7 Bc6 24. Rea1 Qd7 25. Rc1 Rc8 26. Qa5 Bd8 27. Qb4 Qe7 28. Qxe7 Bxe7 29. g4 Kf8 30. h4 Ke8 31. Ng5 h6 32. Nh7 Bxh4 33. g5 hxg5 34. fxg5 Ke7 35. Kg2 f6 36. g6 fxe5 37. dxe5 d4+ 38. Kh2 Nd7 39. Ra5 d3 40. Rd1 b6 41. Ra7 Be4 42. Ra4 {[%emt 0:00:58] normal} 0-1

[Event "GER-ch Youth U10 2019"]
[Site "Willingen"]
[Date "2019.06.09"]
[Round "2.7"]
[White "Haubold, Christian Lucas"]
[Black "Kullmann, Max"]
[Result "1/2-1/2"]
[ECO "B01"]
[WhiteElo "1387"]
[BlackElo "1455"]
[Annotator "NA"]
[PlyCount "88"]
[EventDate "2019.06.07"]
[EventType "swiss"]
[EventRounds "11"]
[EventCountry "GER"]
[SourceTitle "playchess.com"]
[Source "ChessBase"]
[SourceQuality "1"]
[TimeControl "40/4500+30:900+30"]

1. e4 d5 2. exd5 Qxd5 3. Nc3 Qa5 4. d4 c6 5. Nf3 Nf6 6. Bc4 Bg4 7. O-O e6 8. a3 Bd6 9. h3 Bh5 10. Be3 Nbd7 11. Be2 Qc7 12. b4 O-O 13. Qd2 Rfe8 14. Ng5 Bxe2 15. Nxe2 h6 16. Nf3 Ne4 17. Qd3 Ndf6 18. c4 b6 19. c5 bxc5 20. dxc5 Be5 21. Nxe5 Qxe5 22. Bf4 Qf5 23. Bd6 Red8 24. Ng3 Nxg3 25. Qxg3 Ne4 26. Qh2 Qg6 27. Qe5 Nd2 28. Qc3 Nxf1 29. Rxf1 Qh5 30. Qc4 Qd5 31. Qa6 e5 32. Re1 e4 33. Qe2 Re8 34. Rd1 Qf5 35. Qa6 Qc8 36. Qe2 a6 37. Rd4 Qf5 38. Qc2 Qg6 39. Qe2 Kh7 40. a4 Ra7 41. b5 axb5 42. axb5 cxb5 43. Qxb5 Ra1+ 44. Kh2 Qf6 {[%emt 0:00:50] normal} 1/2-1/2

[Event "GER-ch Youth U10 2019"]
[Site "Willingen"]
[Date "2019.06.09"]
[Round "2.8"]
[White "Arora, Abhiraaj"]
[Black "Meng, Yuxuan"]
[Result "1/2-1/2"]
[ECO "B40"]
[WhiteElo "1454"]
[BlackElo "1288"]
[Annotator "NA"]
[PlyCount "97"]
[EventDate "2019.06.07"]
[EventType "swiss"]
[EventRounds "11"]
[EventCountry "GER"]
[SourceTitle "playchess.com"]
[Source "ChessBase"]
[SourceQuality "1"]
[TimeControl "40/4500+30:900+30"]

1. e4 c5 2. Nf3 e6 3. d4 cxd4 4. Nxd4 Nf6 5. Nc3 Nc6 6. Ndb5 Bb4 7. a3 Bxc3+ 8. Nxc3 d5 9. exd5 exd5 10. Bg5 d4 11. Nb5 O-O 12. Be2 a6 13. Bxf6 gxf6 14. Qd2 axb5 15. Bxb5 Re8+ 16. Be2 Bf5 17. O-O-O Kh8 18. g4 Be6 19. Qh6 Bd5 20. Rhe1 Rxe2 21. Rxe2 Bf3 22. Red2 Bxd1 23. Rxd1 Qe7 24. h4 Rg8 25. Rg1 f5 26. g5 Qe5 27. Kb1 Qg7 28. Qh5 Qg6 29. Qf3 f6 30. h5 Qg7 31. g6 Qd7 32. Qf4 hxg6 33. hxg6 Kg7 34. Rh1 Rh8 35. Rxh8 Kxh8 36. Qh4+ Kg8 37. Qxf6 d3 38. cxd3 Qxd3+ 39. Ka1 Qd1+ 40. Ka2 Qd5+ 41. Kb1 Qd7 42. Ka2 Na5 43. g7 Qf7+ 44. Qxf7+ Kxf7 45. b4 Nc6 46. b5 Na7 47. a4 Kxg7 48. Kb3 b6 49. Kc4 {[%emt 0:01:34] normal} 1/2-1/2

[Event "GER-ch Youth U10 2019"]
[Site "Willingen"]
[Date "2019.06.09"]
[Round "2.9"]
[White "Dorendorf, Mika"]
[Black "Huber, Benedikt"]
[Result "1-0"]
[ECO "A21"]
[WhiteElo "1398"]
[BlackElo "1441"]
[Annotator "NA"]
[PlyCount "107"]
[EventDate "2019.06.07"]
[EventType "swiss"]
[EventRounds "11"]
[EventCountry "GER"]
[SourceTitle "playchess.com"]
[Source "ChessBase"]
[SourceQuality "1"]
[TimeControl "40/4500+30:900+30"]

1. c4 e5 2. Nc3 c6 3. Nf3 d6 4. g3 Nf6 5. Bg2 Be6 6. d3 Nbd7 7. O-O Be7 8. a3 h6 9. Qc2 d5 10. cxd5 cxd5 11. e3 O-O 12. b4 Rc8 13. Bb2 Bg4 14. Qd2 Qb6 15. d4 Bxf3 16. Bxf3 e4 17. Bg2 Qe6 18. Ne2 Nh5 19. Nc3 Nb6 20. Rac1 Nc4 21. Qe2 Nf6 22. Na4 b6 23. Rc3 Qd7 24. Qc2 Rc7 25. Bc1 Rfc8 26. Qb3 Ne8 27. Nb2 Nxb2 28. Bxb2 Rxc3 29. Bxc3 Qe6 30. Rc1 Nd6 31. Bb2 Nc4 32. Rc3 Kh7 33. h4 Qf5 34. Qc2 Bd8 35. Bc1 Qd7 36. Bxe4+ g6 37. Bg2 Rc7 38. e4 Qe6 39. Kh2 dxe4 40. Bxe4 b5 41. d5 Qf6 42. Rf3 Qe7 43. h5 Ne5 44. hxg6+ Kg7 45. Qb2 fxg6 46. Bf4 Rc4 47. Qxe5+ Kh7 48. Qxe7+ Bxe7 49. Bd3 Rd4 50. Re3 Bf8 51. Be4 Rd2 52. Rf3 Rd4 53. Re3 Rd2 54. Kg2 {[%emt 0:00:08] normal} 1-0

[Event "GER-ch Youth U10 2019"]
[Site "Willingen"]
[Date "2019.06.10"]
[Round "3.1"]
[White "Besou, Hussain"]
[Black "Freude, Paul"]
[Result "1-0"]
[ECO "A37"]
[WhiteElo "1785"]
[BlackElo "1713"]
[Annotator "NA"]
[PlyCount "31"]
[EventDate "2019.06.07"]
[EventType "swiss"]
[EventRounds "11"]
[EventCountry "GER"]
[SourceTitle "playchess.com"]
[Source "ChessBase"]
[SourceQuality "1"]
[TimeControl "40/4500+30:900+30"]

1. c4 c5 2. g3 g6 3. Bg2 Bg7 4. Nc3 Nc6 5. Nf3 e6 6. e3 Nge7 7. d4 cxd4 8. exd4 O-O 9. O-O Rb8 10. Bf4 Ra8 11. Nb5 e5 12. dxe5 a6 13. Nd6 Qa5 14. Re1 h6 15. h4 Rd8 16. a3 {[%emt 0:00:39] normal} 1-0

[Event "GER-ch Youth U10 2019"]
[Site "Willingen"]
[Date "2019.06.10"]
[Round "3.2"]
[White "Helms, Finn"]
[Black "Fietz, Nils"]
[Result "1/2-1/2"]
[ECO "D00"]
[WhiteElo "1773"]
[BlackElo "1677"]
[Annotator "NA"]
[PlyCount "168"]
[EventDate "2019.06.07"]
[EventType "swiss"]
[EventRounds "11"]
[EventCountry "GER"]
[SourceTitle "playchess.com"]
[Source "ChessBase"]
[SourceQuality "1"]
[TimeControl "40/4500+30:900+30"]

1. d4 d5 2. Bf4 c5 3. c3 Nf6 4. e3 Nc6 5. Nd2 e6 6. Ngf3 cxd4 7. exd4 Nh5 8. Be3 Bd6 9. g3 Qc7 10. Bd3 g6 11. Bh6 Bd7 12. Qe2 Rg8 13. Nf1 O-O-O 14. Ne3 f6 15. O-O f5 16. Ng5 Bf8 17. Bxf8 Rgxf8 18. Nxh7 Rh8 19. Ng5 Rdf8 20. f4 Nf6 21. Nc2 Ne4 22. Ne1 Nxg5 23. fxg5 Rh5 24. Nf3 Rfh8 25. Kg2 e5 26. dxe5 Nxe5 27. h4 Nxf3 28. Rxf3 Bc6 29. Bb5 Re8 30. Qd3 Bxb5 31. Qxb5 Qc6 32. Qd3 Rhh8 33. Rd1 Re5 34. Kh3 Rhe8 35. Rf4 Re1 36. Rf1 Rxf1 37. Rxf1 Qe6 38. Rd1 f4+ 39. g4 Kc7 40. Qf3 Qe3 41. Qxe3 Rxe3+ 42. Kh2 Re2+ 43. Kg1 Kc6 44. Rf1 Re4 45. Kg2 Kd6 46. Rh1 Ke6 47. h5 Kf7 48. h6 Kg8 49. h7+ Kh8 50. Kf3 Ra4 51. Rh2 b5 52. b3 Ra6 53. Kxf4 Re6 54. Rd2 Re4+ 55. Kf3 Re5 56. Rd4 Kxh7 57. Kf4 Re2 58. Rxd5 b4 59. c4 Rxa2 60. Rd7+ Kg8 61. Rb7 a5 62. c5 Rc2 63. Rb5 Rc3 64. Rxa5 Rxb3 65. Ra6 Rc3 66. Rxg6+ Kf7 67. Rb6 b3 68. c6 b2 69. Rxb2 Rxc6 70. Re2 Kg6 71. Re4 Rb6 72. Rd4 Rc6 73. Rb4 Ra6 74. Rb8 Ra4+ 75. Kg3 Kxg5 76. Rb5+ Kg6 77. Kh4 Ra1 78. Rb6+ Kg7 79. Kh5 Ra5+ 80. g5 Ra7 81. Rb5 {normal} Rc7 82. Re5 Rb7 {[%emt 0:00:00] normal} 83. Rd5 {[%emt 0:00:00] normal} Rc7 84. Kg4 Rf7 {[%emt 0:00:00] normal} 1/2-1/2

[Event "GER-ch Youth U10 2019"]
[Site "Willingen"]
[Date "2019.06.10"]
[Round "3.3"]
[White "Sauer, Tim"]
[Black "Dorendorf, Mika"]
[Result "1-0"]
[ECO "A22"]
[WhiteElo "1553"]
[BlackElo "1398"]
[Annotator "NA"]
[PlyCount "59"]
[EventDate "2019.06.07"]
[EventType "swiss"]
[EventRounds "11"]
[EventCountry "GER"]
[SourceTitle "playchess.com"]
[Source "ChessBase"]
[SourceQuality "1"]
[TimeControl "40/4500+30:900+30"]

1. c4 e5 2. Nc3 Nf6 3. g3 d5 4. cxd5 Nxd5 5. Bg2 Ne7 6. Nf3 Nbc6 7. O-O g6 8. d3 Bg7 9. Bd2 O-O 10. Rc1 h6 11. a3 Be6 12. b4 a6 13. Na4 Bd5 14. e4 Be6 15. Nc5 Qc8 16. a4 b6 17. Nxe6 Qxe6 18. b5 Na7 19. Rb1 axb5 20. axb5 Qd7 21. Qb3 Rfd8 22. Bc3 Qd6 23. Rfd1 Re8 24. d4 exd4 25. Bxd4 Bxd4 26. Nxd4 Qe5 27. f4 Qg7 28. Ra1 Red8 29. e5 Qf8 {[%emt 0:02:15] normal} 30. Bxa8 1-0